 Dungeon Crawl Stone Soup version 0.21-a0-641-geef9d7f (webtiles) character file.

345 mopl the Insei (level 6, -3/47 HPs)
             Began as a Gnoll Transmuter on Dec 30, 2017.
             Slain by Menkaure (15 damage)
             ... on level 5 of the Dungeon.
             The game lasted 00:05:21 (3349 turns).

mopl the Insei (Gnoll Transmuter)                   Turns: 3349, Time: 00:05:21

Health: -3/47      AC:  2    Str: 12    XL:     6   Next: 58%
Magic:  12/14      EV: 24    Int: 15    God:
Gold:   191        SH:  0    Dex: 21    Spells: 5/15 levels left

rFire    . . .     SeeInvis .     - Unarmed
rCold    . . .     Gourm    .   (shield currently unavailable)
rNeg     . . .     Faith    .   (armour currently unavailable)
rPois    .         Spirit   .   (helmet currently unavailable)
rElec    .         Reflect  .   (cloak currently unavailable)
rCorr    .         Harm     .   (gloves currently unavailable)
MR       .....                  (boots currently unavailable)
Stlth    ++........             (no amulet)
HPRegen  0.15/turn              r - -2 ring of intelligence (curse)
MPRegen  0.14/turn              k - ring of poison resistance

@: spider-form
A: tiny, distributed training, strong nose
a: End Transformation


You were on level 5 of the Dungeon.
You were not hungry.
You were a venomous arachnid creature.
You visited 1 branch of the dungeon, and saw 5 of its levels.

You collected 191 gold pieces.

Inventory:

Hand Weapons
 f - a +0 hunting sling
 s - a +0 blowgun
Missiles
 a - 92 arrows
 h - 32 stones (quivered)
 p - 15 poisoned needles
Armour
 b - a +0 robe (melded)
 e - a +0 buckler
Jewellery
 i - an uncursed ring of stealth
 k - a ring of poison resistance (right front leg)
 r - a cursed -2 ring of intelligence (left front leg)
Wands
 g - a wand of flame (40)
 x - a wand of acid (12)
 y - a wand of digging (12)
Scrolls
 j - a scroll of amnesia {unknown}
 l - a scroll of immolation {unknown}
 t - a scroll of magic mapping {unknown}
 u - a scroll of remove curse {unknown}
 w - a scroll of random uselessness {unknown}
 A - a scroll of enchant armour {unknown}
 B - a scroll of teleportation {unknown}
Potions
 m - a potion of haste
 n - a potion of brilliance
 o - 5 potions of degeneration {unknown}
 v - a potion of heal wounds
 z - a potion of agility {unknown}
Books
 c - a book of Changes

   Spells                             Type                      Level
   a - Beastly Appendage              Transmutation                1
   b - Sticks to Snakes               Transmutation                2
   c - Spider Form                    Transmutation/Poison         3
   d - Ice Form                       Ice/Transmutation            4
   e - Blade Hands                    Transmutation                5
Comestibles
 d - 8 rations
 q - a chunk of flesh


   Skills:
 + Level 3.2 Fighting
 + Level 2.0 Short Blades
 + Level 2.0 Long Blades
 + Level 2.0 Axes
 + Level 2.0 Maces & Flails
 + Level 2.0 Polearms
 + Level 2.0 Staves
 + Level 2.0 Slings
 + Level 2.0 Bows
 + Level 2.0 Crossbows
 + Level 2.0 Throwing
 + Level 2.0 Armour
 + Level 5.0 Dodging
 + Level 2.0 Stealth
 + Level 2.0 Shields
 + Level 6.8 Unarmed Combat
 + Level 5.4 Spellcasting
 + Level 1.5 Conjurations
 + Level 1.5 Hexes
 + Level 1.5 Charms
 + Level 1.5 Summonings
 + Level 1.5 Necromancy
 + Level 1.5 Translocations
 + Level 4.1 Transmutations
 + Level 1.5 Fire Magic
 + Level 1.5 Ice Magic
 + Level 1.5 Air Magic
 + Level 1.5 Earth Magic
 + Level 1.5 Poison Magic
 + Level 2.2 Invocations
 + Level 2.0 Evocations


You had 5 spell levels left.
You knew the following spells:

 Your Spells              Type           Power        Failure   Level  Hunger
a - Beastly Appendage     Tmut           ###...       10%         1    None
b - Spider Form           Tmut/Pois      ##........   32%         3    ###....
d - Ice Form              Ice/Tmut       ##......     65%         4    ####...
w - Sticks to Snakes      Tmut           ###.....     13%         2    #......


Dungeon Overview and Level Annotations

Branches:
Dungeon (5/15)
 Temple: D:4-7

Altars:
Elyvilon
Trog
Uskayaw
Wu Jian

Annotations:
D:5 Menkaure


Innate Abilities, Weirdness & Mutations

Your experience applies equally to all skills.
((You have very sharp teeth.))
Your uncanny sense of smell can sniff out nearby items.


Message History

You bite Menkaure!
Menkaure is heavily damaged.
Menkaure misses you.
You bite Menkaure!
Menkaure is severely damaged.
Menkaure hits you.
You hit Menkaure.
Menkaure is almost destroyed.
You hit Menkaure but do no damage.
Menkaure is almost destroyed.
Menkaure calls on the powers of darkness!
Your body is wracked with pain!
* * * LOW HITPOINT WARNING * * *
You hit Menkaure.
Menkaure is almost destroyed.
Menkaure misses you.
You hit Menkaure.
Menkaure is almost destroyed.
Menkaure hits you!
You die...

............# #.#
#.#.#...#...## #.#. ...
#...#....# ....## #.#
#......... ....[
#.###.######..
##[..#####.#.._........
.............#.#.......
..#.M#.##.###..##.....
#..s.........##.#...
#........#.#######.#...
.......#..#.# #.....
+...####+.#+# #####.
### .. . ... . ....
....


You could see Menkaure.

Vanquished Creatures
  The ghost of Brandom the Skirmisher, an amateur FoAK of Lugonu (D:3)
  Natasha (thrice) (D:4)
  2 worker ants
  5 adders
  2 oozes
  5 dart slugs
  3 orcs
  A ball python (D:3)
  7 bats
  4 giant cockroaches
  A goblin (D:3)
  8 hobgoblins
  13 jackals
  2 quokkas
  3 frilled lizards
  8 kobolds
  13 rats
81 creatures vanquished.

Notes
Turn   | Place    | Note
-------+----------+-------------------------------------------
     0 | D:1      | mopl the Gnoll Transmuter began the quest for the Orb.
     0 | D:1      | Reached XP level 1. HP: 17/17 MP: 6/6
    94 | D:1      | Reached XP level 2. HP: 10/23 MP: 5/7
   102 | D:1      | Learned a level 2 spell: Sticks to Snakes
   412 | D:1      | You fall through a shaft!
   636 | D:1      | Reached XP level 3. HP: 14/28 MP: 7/9
   641 | D:1      | Learned a level 3 spell: Spider Form
   885 | D:1      | Reached skill level 5 in Spellcasting
  1460 | D:1      | Reached skill level 1 in Invocations
  1650 | D:2      | Reached skill level 1 in Short Blades
  1650 | D:2      | Reached skill level 1 in Long Blades
  1650 | D:2      | Reached skill level 1 in Axes
  1650 | D:2      | Reached skill level 1 in Maces & Flails
  1650 | D:2      | Reached skill level 1 in Polearms
  1650 | D:2      | Reached skill level 1 in Staves
  1650 | D:2      | Reached skill level 1 in Slings
  1650 | D:2      | Reached skill level 1 in Bows
  1650 | D:2      | Reached skill level 1 in Crossbows
  1650 | D:2      | Reached skill level 1 in Throwing
  1650 | D:2      | Reached skill level 1 in Armour
  1650 | D:2      | Reached skill level 1 in Stealth
  1650 | D:2      | Reached skill level 1 in Shields
  1650 | D:2      | Reached skill level 1 in Evocations
  1694 | D:2      | Reached XP level 4. HP: 21/34 MP: 7/11
  1958 | D:2      | Found a bloodstained altar of Trog.
  2190 | D:3      | Found a hide-covered altar of Uskayaw.
  2202 | D:3      | Reached skill level 1 in Conjurations
  2202 | D:3      | Reached skill level 1 in Hexes
  2202 | D:3      | Reached skill level 1 in Charms
  2202 | D:3      | Reached skill level 1 in Summonings
  2202 | D:3      | Reached skill level 1 in Necromancy
  2202 | D:3      | Reached skill level 1 in Translocations
  2202 | D:3      | Reached skill level 1 in Fire Magic
  2202 | D:3      | Reached skill level 1 in Ice Magic
  2202 | D:3      | Reached skill level 1 in Air Magic
  2202 | D:3      | Reached skill level 1 in Earth Magic
  2202 | D:3      | Reached skill level 1 in Poison Magic
  2203 | D:3      | Noticed Brandom's ghost (amateur FoAK)
  2253 | D:3      | Killed Brandom's ghost
  2253 | D:3      | Reached skill level 3 in Fighting
  2253 | D:3      | Reached skill level 4 in Transmutations
  2253 | D:3      | Reached XP level 5. HP: 28/41 MP: 9/12
  2262 | D:3      | Learned a level 4 spell: Ice Form
  2767 | D:4      | Noticed Natasha
  2772 | D:4      | Killed Natasha
  2772 | D:4      | Reached skill level 2 in Invocations
  2772 | D:4      | Reached XP level 6. HP: 47/47 MP: 11/13
  3035 | D:4      | Noticed Natasha
  3038 | D:4      | Killed Natasha
  3108 | D:4      | Noticed Natasha
  3113 | D:4      | Killed Natasha
  3113 | D:4      | Reached skill level 5 in Dodging
  3173 | D:4      | Found an ornate altar of the Wu Jian Council.
  3300 | D:5      | Entered Level 5 of the Dungeon
  3300 | D:5      | Found a white marble altar of Elyvilon.
  3312 | D:5      | Reached skill level 2 in Short Blades
  3312 | D:5      | Reached skill level 2 in Long Blades
  3312 | D:5      | Reached skill level 2 in Axes
  3312 | D:5      | Reached skill level 2 in Maces & Flails
  3312 | D:5      | Reached skill level 2 in Polearms
  3312 | D:5      | Reached skill level 2 in Staves
  3312 | D:5      | Reached skill level 2 in Slings
  3312 | D:5      | Reached skill level 2 in Bows
  3312 | D:5      | Reached skill level 2 in Crossbows
  3312 | D:5      | Reached skill level 2 in Throwing
  3312 | D:5      | Reached skill level 2 in Armour
  3312 | D:5      | Reached skill level 2 in Stealth
  3312 | D:5      | Reached skill level 2 in Shields
  3312 | D:5      | Reached skill level 2 in Evocations
  3330 | D:5      | Noticed Menkaure
  3349 | D:5      | Slain by Menkaure

Vault maps used:
D:1:      minmay_arrival_stone_box
D:2:      trog_book
D:3:      eat_drink_and_be_merry_uskayaw, first_ration
D:4:      lemuel_crystal_altar, uniq_natasha
D:5:      lemuel_crystal_altar, serial_shops, shop, grunt_ministairs_14,
          minmay_misc_feat_x, hangedman_abyss_or_decor_lesser_grid,
          uniq_menkaure

Skill      XL: |  1  2  3  4  5  6 |
---------------+-------------------+-----
Spellcasting   | 5 |  5.4
Invocations    | 1 2 |  2.2
Short Blades   | 1 2 |  2.0
Long Blades    | 1 2 |  2.0
Axes           | 1 2 |  2.0
Maces & Flails | 1 2 |  2.0
Polearms       | 1 2 |  2.0
Staves         | 1 2 |  2.0
Slings         | 1 2 |  2.0
Bows           | 1 2 |  2.0
Crossbows      | 1 2 |  2.0
Throwing       | 1 2 |  2.0
Armour         | 1 2 |  2.0
Stealth        | 1 2 |  2.0
Shields        | 1 2 |  2.0
Evocations     | 1 2 |  2.0
Conjurations   | 1 |  1.5
Hexes          | 1 |  1.5
Charms         | 1 |  1.5
Summonings     | 1 |  1.5
Necromancy     | 1 |  1.5
Translocations | 1 |  1.5
Fire Magic     | 1 |  1.5
Ice Magic      | 1 |  1.5
Air Magic      | 1 |  1.5
Earth Magic    | 1 |  1.5
Poison Magic   | 1 |  1.5
Fighting       | 3 |  3.2
Transmutations | 4 |  4.1
Dodging        | 5 |  5.0
Unarmed Combat | |  6.8

Action                   |  1- 3 |  4- 6 || total
-------------------------+-------+-------++-------
Melee: Unarmed           |    68 |   130 ||   198
       Headbutt          |     9 |       ||     9
       Bite              |     4 |     3 ||     7
       Kick              |     1 |       ||     1
       Punch             |       |     1 ||     1
 Cast: Beastly Appendage |     8 |       ||     8
       Spider Form       |     4 |    12 ||    16
  Use: Scroll            |       |     3 ||     3
 Stab: Sleeping          |     6 |     8 ||    14
  Eat: Chunk             |     3 |     6 ||     9
Armor: Robe              |    13 |     4 ||    17
       Skin              |     1 |     1 ||     2
Dodge: Dodged            |    45 |    85 ||   130

Table legend:
 A = Spawn XP
 B = Non-spawn XP
 C = Spawn XP percentage of total XP
 D = Spawn monster count
 E = Non-spawn monster count
 F = Spawn count percentage of total count
 G = Total turns spent on level
                    A         B        C        D         E        F      G
               +---------+---------+-------+---------+---------+-------+---------
         Total |       0 |     494 |   0.0 |       0 |      81 |   0.0 |  3349
               +---------+---------+-------+---------+---------+-------+---------
           D:1 |       0 |      47 |   0.0 |       0 |      25 |   0.0 |  1446
           D:2 |       0 |      65 |   0.0 |       0 |      25 |   0.0 |   555
           D:3 |       0 |     173 |   0.0 |       0 |      18 |   0.0 |   658
           D:4 |       0 |     176 |   0.0 |       0 |      12 |   0.0 |   641
           D:5 |       0 |      33 |   0.0 |       0 |       1 |   0.0 |    49
               +---------+---------+-------+---------+---------+-------+---------
